 Dungeon Crawl Stone Soup version 0.28.0 (webtiles) character file.

Game seed: 6809998464905491669

51 dolemite99 the Conjurer (level 3, -6/26 HPs)
             Began as a Gnoll Conjurer on Feb 5, 2022.
             Was a Follower of Qazlal.
             Mangled by Sigmund (12 damage)
             ... on level 2 of the Dungeon.
             The game lasted 00:02:17 (1973 turns).

dolemite99 the Conjurer (Gnoll Conjurer)            Turns: 1973, Time: 00:02:18

Health: -6/26      AC:  2    Str:  6    XL:     3   Next: 83%
Magic:  4/9        EV: 13    Int: 19    God:    Qazlal [*.....]
Gold:   70         SH:  2    Dex: 10    Spells: 6/12 levels left

rFire   . . .      SeeInvis .   c - +0 short sword
rCold   . . .      Faith    .   (no shield)
rNeg    . . .      Spirit   .   a - +0 robe
rPois   .          Reflect  .   (no helmet)
rElec   .          Harm     .   (no cloak)
rCorr   .          Rampage  .   (no gloves)
Will    .....                   (no boots)
Stlth   ++........              (no amulet)
HPRegen 0.08/turn               (no ring)
MPRegen 0.11/turn               (no ring)

@: no status effects
A: fangs 1, strong nose, distributed training
a: Renounce Religion


You were on level 2 of the Dungeon.
You worshipped Qazlal.
Qazlal was aware of your devotion.
You visited 1 branch of the dungeon, and saw 2 of its levels.

You collected 70 gold pieces.

Inventory:

Hand Weapons
 c - a +0 short sword (weapon)
 d - a +0 hunting sling
Missiles
 f - 43 stones
 k - 18 arrows
Armour
 a - a +0 robe (worn)
Jewellery
 j - a ring of poison resistance
Scrolls
 b - a scroll of vulnerability {unknown}
 e - a scroll of enchant weapon {unknown}
 g - a scroll of identify {unknown}
 i - a scroll of blinking {unknown}
 l - a scroll of fear {unknown}
Potions
 h - a potion of degeneration {unknown}


   Skills:
 + Level 1.0 Fighting
 + Level 1.0 Short Blades
 + Level 1.0 Long Blades
 + Level 1.0 Axes
 + Level 1.0 Maces & Flails
 + Level 1.0 Polearms
 + Level 1.0 Staves
 + Level 1.0 Slings
 + Level 1.0 Bows
 + Level 1.0 Crossbows
 + Level 1.0 Throwing
 + Level 1.0 Armour
 + Level 4.6 Dodging
 + Level 4.2 Stealth
 + Level 1.0 Shields
 + Level 1.0 Unarmed Combat
 + Level 5.0 Spellcasting
 + Level 7.1 Conjurations
 + Level 0.7 Hexes
 + Level 0.7 Summonings
 + Level 0.7 Necromancy
 + Level 0.7 Translocations
 + Level 0.7 Transmutations
 + Level 0.7 Fire Magic
 + Level 0.7 Ice Magic
 + Level 0.7 Air Magic
 + Level 0.7 Earth Magic
 + Level 0.7 Poison Magic
 + Level 1.0 Invocations
 + Level 1.0 Evocations


You had 6 spell levels left.
You knew the following spells:

 Your Spells              Type           Power      Damage    Failure   Level
a - Magic Dart            Conj           100%       1d8       1%          1
b - Searing Ray           Conj           62%        2d6       1%          2
c - Dazzling Flash        Conj/Hex       38%        N/A       8%          3

Your spell library contained the following spells:

 Spells                   Type           Power      Damage    Failure   Level
 Shock                    Conj/Air       76%        1d7       2%          1
 Fulminant Prism          Conj/Hex       9%         3d7       24%         4
 Iskenderun's Mystic Bla  Conj/Tloc      19%        2d6       24%         4
 Swiftness                Air            7%         N/A       28%         3
 Airstrike                Air            3%         N/A       67%         4


Dungeon Overview and Level Annotations

Branches:
Dungeon (2/15)

Altars:
Qazlal

Shops:
D:1 (

Annotations:
D:2 Sigmund


Innate Abilities, Weirdness & Mutations

You have very sharp teeth.
Your uncanny sense of smell can sniff out nearby items.
Your experience applies equally to all skills.


Message History

Confirm with . or Enter, or press ? or * to list all spells.
Aiming: Magic Dart (safe; 1% risk of failure)
Press: ? - help, Shift-Dir - straight line, f - goblin
Aim: a goblin, wielding a +0 dagger (100% to hit)
The magic dart hits the goblin.
You kill the goblin!
Qazlal accepts your kill.
Casting: Magic Dart (safe; 1% risk of failure)
Confirm with . or Enter, or press ? or * to list all spells.
You can't see any susceptible monsters within range! (Use Z to cast anyway.)
Things that are here:
a +0 dagger; a +0 short sword; a goblin corpse You hear a shout!
Things that are here:
a +0 dagger; a +0 short sword; a goblin corpse Sigmund the Dreaded comes into view.
He is wielding a +0 scythe.
Sigmund moves out of view.
Things that are here:
a +0 dagger; a +0 short sword; a goblin corpse You start waiting.
Sigmund is nearby!
Sigmund shouts!
Casting: Magic Dart (safe; 1% risk of failure)
Confirm with . or Enter, or press ? or * to list all spells.
Aiming: Searing Ray (safe; 1% risk of failure)
Press: ? - help, Shift-Dir - straight line The searing ray hits Sigmund!
Sigmund is moderately wounded. (Press . to maintain the ray.) Sigmund laughs darkly.
Sigmund mumbles some strange words.
Sigmund flickers and vanishes!
Deactivating autopickup; reactivate with Ctrl-A.
The searing ray hits something.
Something hits you.
The searing ray hits something!
Something hits you!
You finish channelling your searing ray.
Something hits you!
* * * LOW HITPOINT WARNING * * *
Something hits you!
You die...

### # ..##########
#. #.#.{.@....# ..
#.#.######.#
#.#.#.#.#)# #.#
@.......#.######.#
....#.........##.#
. #####.###.##.#
#.###.##.#
#........#
#####.####


There were no monsters in sight!

Vanquished Creatures
  A gnoll (D:1)
  2 worms (D:2)
  3 bats (D:1)
  3 endoplasms
  2 giant cockroaches (D:1)
  3 hobgoblins (D:1)
  2 quokkas
  2 ball pythons
  2 frilled lizards (D:1)
  6 goblins
  5 kobolds
  A rat (D:1)
32 creatures vanquished.

Vanquished Creatures (others)
  5 plants (D:2)
5 creatures vanquished.

Grand Total: 37 creatures vanquished

Notes
Turn   | Place    | Note
-------+----------+-------------------------------------------
     0 | D:1      | dolemite99 the Gnoll Conjurer began the quest for the Orb.
     0 | D:1      | Reached XP level 1. HP: 13/13 MP: 6/6
   113 | D:1      | Found Azep's Weapon Shoppe.
   171 | D:1      | Found a faded altar of an unknown god.
   200 | D:1      | Prayed at the altar of an unknown god.
   200 | D:1      | Became a worshipper of Qazlal Stormbringer
   200 | D:1      | Reached * piety under Qazlal
   209 | D:1      | Reached XP level 2. HP: 19/19 MP: 5/7
   492 | D:1      | HP: 1/20 [hobgoblin (4)]
   497 | D:1      | Reached skill level 5 in Spellcasting
   497 | D:1      | Reached XP level 3. HP: 2/25 MP: 1/9
   921 | D:1      | Learned a level 2 spell: Searing Ray
   925 | D:1      | Learned a level 3 spell: Dazzling Flash
  1202 | D:2      | Reached skill level 1 in Invocations
  1810 | D:2      | Reached skill level 1 in Fighting
  1810 | D:2      | Reached skill level 1 in Short Blades
  1810 | D:2      | Reached skill level 1 in Long Blades
  1810 | D:2      | Reached skill level 1 in Axes
  1810 | D:2      | Reached skill level 1 in Maces & Flails
  1810 | D:2      | Reached skill level 1 in Polearms
  1810 | D:2      | Reached skill level 1 in Staves
  1810 | D:2      | Reached skill level 1 in Slings
  1810 | D:2      | Reached skill level 1 in Bows
  1810 | D:2      | Reached skill level 1 in Crossbows
  1810 | D:2      | Reached skill level 1 in Throwing
  1810 | D:2      | Reached skill level 1 in Armour
  1810 | D:2      | Reached skill level 1 in Shields
  1810 | D:2      | Reached skill level 1 in Unarmed Combat
  1810 | D:2      | Reached skill level 1 in Evocations
  1916 | D:2      | Noticed Sigmund
  1973 | D:2      | Mangled by Sigmund

Illustrated notes

Levels and vault maps discovered:
D:1:      co_arrival_random_square_maze, layout_basic,
          ebering_ecumenical_altar_petrified, serial_shops,
          nicolae_shop_competitors_out_of_business, minmay_quantized
D:2:      layout_loops_corners, basic_altar, chequers_big_river, uniq_sigmund

Skill      XL: |  1  2  3 |
---------------+----------+-----
Spellcasting   | 5 |  5.0
Invocations    | 1 |  1.0
Fighting       | 1 |  1.0
Short Blades   | 1 |  1.0
Long Blades    | 1 |  1.0
Axes           | 1 |  1.0
Maces & Flails | 1 |  1.0
Polearms       | 1 |  1.0
Staves         | 1 |  1.0
Slings         | 1 |  1.0
Bows           | 1 |  1.0
Crossbows      | 1 |  1.0
Throwing       | 1 |  1.0
Armour         | 1 |  1.0
Shields        | 1 |  1.0
Unarmed Combat | 1 |  1.0
Evocations     | 1 |  1.0
Dodging        | |  4.6
Stealth        | |  4.2
Conjurations   | |  7.1
Hexes          | |  0.7
Summonings     | |  0.7
Necromancy     | |  0.7
Translocations | |  0.7
Transmutations | |  0.7
Fire Magic     | |  0.7
Ice Magic      | |  0.7
Air Magic      | |  0.7
Earth Magic    | |  0.7
Poison Magic   | |  0.7

Action                   || total
-------------------------++-------
Melee: Short sword       ||     8
       Bite              ||     1
 Cast: Magic Dart        ||    54
       Searing Ray       ||     2
Armor: Robe              ||     2
Dodge: Dodged            ||    15
Block: Other             ||     1
